 Dungeon Crawl Stone Soup version 0.27-a0-1123-g2f9bb313c0 (webtiles) character file.

Game seed: 4511370296161566572

1767 Azzok the Cleaver (level 9, -2/54 (64) HPs)
             Began as a Formicid Fighter on May 3, 2021.
             Slain by Maggie
             ... wielding a +0 scimitar of draining
              (7 damage)
             ... on level 6 of the Dungeon.
             The game lasted 00:07:38 (7263 turns).

Azzok the Cleaver (Formicid Fighter)                Turns: 7263, Time: 00:07:39

HP:   -2/54 (64)    AC: 10    Str: 34    XL:     9   Next: 28%
MP:   9/9           EV:  9    Int:  7    God:
Gold: 295           SH:  0    Dex: 14    Spells: 8/8 levels left

rFire    + . .     SeeInvis +   a - +0 war axe
rCold    . . .     Faith    .   (no shield)
rNeg     . . .     Spirit   .   h - +0 chain mail
rPois    .         Reflect  .   (helmet unavailable)
rElec    .         Harm     .   n - +0 cloak
rCorr    .         Rampage  .   (no gloves)
Will     +....                  (no boots)
Stlth    ..........             (no amulet)
HPRegen  0.18/turn              o - ring "Cuwalutu" {Drain rF+ Will+ Str+9 Dex+4}
MPRegen  0.11/turn              (no ring)

@: heavily drained
A: permanent stasis, dig shafts and tunnels, antennae 3, four strong arms
a: Dig, Shaft Self


You were on level 6 of the Dungeon.
You visited 2 branches of the dungeon, and saw 7 of its levels.
You also visited: Sewer.

You collected 295 gold pieces.

Inventory:

Hand Weapons
 a - a +0 war axe (weapon)
Missiles
 m - a throwing net
Armour
 c - a +0 kite shield
 h - a +0 chain mail (worn)
 n - a +0 cloak (worn)
Jewellery
 o - the ring "Cuwalutu" (left hand) {Drain rF+ Will+ Str+9 Dex+4}
   (You found it on level 4 of the Dungeon)

   [ring of willpower]

   It affects your strength (+9).
   It affects your dexterity (+4).
   It protects you from fire.
   It drains your maximum health when unequipped.
   It increases your willpower.
Wands
 k - a wand of acid (7)
 t - a wand of polymorph (7)
Scrolls
 f - a scroll of fear {unknown}
 i - a scroll of enchant weapon {unknown}
 j - 2 scrolls of acquirement {unknown}
 l - 2 scrolls of magic mapping {unknown}
 s - a scroll of identify
Potions
 b - a potion of brilliance {unknown}
 d - 3 potions of might
 e - 2 potions of lignification
 g - 5 potions of curing
 p - 2 potions of flight {unknown}
 q - a potion of heal wounds {unknown}
 r - a potion of degeneration {unknown}


   Skills:
 - Level 3.2 Fighting
 * Level 9.6 Axes
 - Level 3.2 Armour
 + Level 8.5 Shields


You had 8 spell levels left.
You didn't know any spells.
Your spell library was empty.

Dungeon Overview and Level Annotations

Branches:
Dungeon (6/15)             Temple (1/1) D:5           Sewer (visited)

Altars:
Ashenzari
Dithmenos
Elyvilon
Fedhas
Gozag
Makhleb
Nemelex Xobeh
Ru
Sif Muna
Trog
Vehumet
Xom
Yredelemnul
Zin
The Shining One

Shops:
D:4 *

Annotations:
D:6 Maggie


Innate Abilities, Weirdness & Mutations

You cannot be hasted, slowed, berserked, paralysed or teleported.
You can dig through walls and to a lower floor.
You have a pair of large antennae on your head. (SInv)
Your four strong arms can wield two-handed weapons with a shield.


Message History

Maggie says, "Fear not.
I will immortalize you in the tale of my first kill."
Maggie misses you.
You slash Maggie!
Maggie is heavily wounded.
Maggie casts a spell.
Maggie attempts to bespell you! You resist with almost no effort.
You hit Maggie.
Maggie is severely wounded.
Maggie hits you with a +0 scimitar of draining.
You feel drained.
You closely miss Maggie.
Maggie is severely wounded.
Maggie drinks a potion.
Maggie is healed!
You closely miss Maggie.
Maggie is heavily wounded.
Maggie hits you with a +0 scimitar of draining!
You feel drained.
You closely miss Maggie.
Maggie is heavily wounded.
Maggie gestures at you while chanting. The bolt of fire hits you. You resist.
You barely miss Maggie.
Maggie is heavily wounded.
Maggie practices a pose.
Maggie hits you with a +0 scimitar of draining.
You feel drained.
You hit Maggie but do no damage.
Maggie is heavily wounded.
Maggie hits you with a +0 scimitar of draining.
You feel drained.
You hit Maggie.
Maggie is heavily wounded.
Maggie hits you with a +0 scimitar of draining!
* * * LOW HITPOINT WARNING * * *
You feel drained.
* * * LOW HITPOINT WARNING * * *
You hit Maggie but do no damage.
Maggie is heavily wounded.
Maggie hits you with a +0 scimitar of draining!
You die...

▒·· ▒···▒ ▒··▒
▒·≈·▒ ▒··▒
▒···▒·▒ ▒··▒
▒·≈·▒·▒ ▒··▒
▒···▒·▒ ▒··▒
▒·≈·▒·▒
▒▒··▒▒▒···▒·▒
▒@▒···≈·≈·≈·▒
▒@·▒··≈·≈··▒
▒▒·▒▒▒▒····▒ ▒·▒
▒▒▒··▒ ▒·▒ ▒··▒
▒·▒ ▒··▒ ▒·▒
▒··▒ ▒·▒▒▒▒▒▒··▒
▒····(····▒▒▒▒▒
▒·······▒·······


You could see Maggie.

Vanquished Creatures
  Grinder (D:5)
  Sigmund (D:5)
  Purgy (Sewer)
  An ice beast (D:5)
  A black bear (D:4)
  A necrophage (D:5)
  An ogre (D:5)
  A phantom (D:3)
  5 scorpions (D:5)
  A water moccasin zombie (D:3)
  A jelly (D:5)
  2 hounds
  2 orc priests (D:5)
  Terence (D:3)
  4 orc wizards (D:5)
  A scorpion zombie (D:5)
  A hound skeleton (D:4)
  4 gnolls
  7 adders
  An ufetubus (D:5)
  2 worms
  A dart slug (D:1)
  12 orcs
  15 ball pythons
  5 endoplasms
  5 giant cockroaches
  7 goblins
  3 hobgoblins
  3 jackals (D:1)
  9 kobolds
  9 quokkas
  12 bats
  7 frilled lizards
  5 rats
133 creatures vanquished.

Vanquished Creatures (others)
  A fungus (D:5)
  69 plants (D:3)
70 creatures vanquished.

Grand Total: 203 creatures vanquished

Notes
Turn   | Place    | Note
-------+----------+-------------------------------------------
     0 | D:1      | Azzok the Formicid Fighter began the quest for the Orb.
     0 | D:1      | Reached XP level 1. HP: 18/18 MP: 1/1
   205 | D:1      | Reached XP level 2. HP: 19/24 MP: 2/2
   332 | D:1      | Reached skill level 3 in Axes
   332 | D:1      | Reached XP level 3. HP: 3/29 MP: 3/3
   823 | D:1      | Found a faded altar of an unknown god.
  1753 | D:2      | Reached XP level 4. HP: 35/35 MP: 4/4
  3023 | D:3      | Reached skill level 4 in Axes
  3023 | D:3      | Reached XP level 5. HP: 20/41 MP: 5/5
  3260 | D:3      | Noticed Terence
  3272 | D:3      | Killed Terence
  3322 | D:3      | Reached skill level 5 in Shields
  3509 | D:3      | Reached XP level 6. HP: 44/47 MP: 6/6
  3517 | D:3      | Reached skill level 5 in Axes
  3821 | D:3      | Found a sacrificial altar of Ru.
  4700 | D:4      | Noticed a black bear
  4705 | D:4      | Killed a black bear
  4706 | D:4      | Reached skill level 6 in Axes
  4706 | D:4      | Reached XP level 7. HP: 52/52 MP: 7/7
  4810 | D:4      | Found Zin's Purification Station.
  4811 | D:4      | Found a glowing silver altar of Zin.
  4833 | D:4      | Identified the ring "Cuwalutu" {Drain rF+ Will+ Str+9
                  | Dex+4}
  4906 | D:5      | Entered Level 5 of the Dungeon
  5006 | D:5      | Found a staircase to the Ecumenical Temple.
  5035 | Temple   | Entered the Ecumenical Temple
  5168 | D:5      | Found a glowing drain.
  5178 | Sewer    | Entered a sewer
  5410 | Sewer    | Noticed Purgy
  5425 | Sewer    | Killed Purgy
  5426 | Sewer    | Reached skill level 7 in Axes
  5426 | Sewer    | Reached XP level 8. HP: 37/58 MP: 8/8
  5690 | D:5      | Noticed Grinder
  5709 | D:5      | Killed Grinder
  5854 | D:5      | Reached skill level 8 in Axes
  6531 | D:5      | Reached XP level 9. HP: 61/64 MP: 9/9
  6591 | D:5      | Noticed Sigmund
  6600 | D:5      | Killed Sigmund
  6601 | D:5      | Reached skill level 9 in Axes
  7251 | D:6      | Noticed Maggie
  7263 | D:6      | Slain by Maggie

Illustrated notes

Levels and vault maps discovered:
D:1:      heliophobic_arrival_dark_side_of_the_moon, layout_basic,
          hellmonk_ecumenical_altar_dog_temple, grunt_decor_one_mirror,
          minmay_shallow_snake_nest
D:2:      layout_basic
D:3:      wad_woods_stonehenge, layout_loops_ring, st_stairs_12,
          minmay_misc_feat_chi, uniq_terence
D:4:      layout_rooms, zin_purify
D:5:      old_forge, layout_cave_pods, temple_fountains, portal_sewer_entry_f,
          kennysheep_generic_room_3, uniq_grinder, uniq_sigmund
D:6:      layout_loops_ring, nicolae_ru_path_of_blood, serial_shops, shop,
          gammafunk_ghost_grave, kennysheep_windowed_goal, uniq_maggie
Temple:   nicolae_temple_god_jail

Skill      XL: |  1  2  3  4  5  6  7  8  9 |
---------------+----------------------------+-----
Axes           | 3 4 6 7 8 9 |  9.6
Shields        | 4 5 6 7 8 |  8.5
Fighting       | |  3.2
Armour         | |  3.2

Action                   |  1- 3 |  4- 6 |  7- 9 || total
-------------------------+-------+-------+-------++-------
Melee: War axe           |    88 |   178 |   188 ||   454
  Use: Scroll            |       |       |     5 ||     5
       Potion            |       |       |     1 ||     1
 Stab: Held in net/web   |       |       |     2 ||     2
Armor: Scale mail        |    24 |       |       ||    24
       Chain mail        |    40 |   107 |   119 ||   266
Dodge: Dodged            |    44 |    81 |   101 ||   226

Table legend: (Time is in decaauts)
 A = Elapsed time spent in this place.
 B = Non-inter-level travel time spent in this place.
 C = Inter-level travel time spent in this place.
 D = Time resting spent in this place.
 E = Time spent auto-exploring this place.
 F = Levels seen in this place.
 G = Mean time per level.
                   A        B        C        D        E       F      G
               +--------+--------+--------+--------+--------+-----+--------+
         Total |   7405 |   7283 |    122 |    944 |   5017 |   8 |  925.6 |
       Dungeon |   6893 |   6771 |    122 |    719 |   4909 |   6 | 1148.8 |
        Temple |     56 |     56 |      0 |      0 |      0 |   1 |   56.0 |
         Sewer |    455 |    455 |      0 |    225 |    107 |   1 |  455.0 |
               +--------+--------+--------+--------+--------+-----+--------+

Top non-repeatable levels by time:
     D:5: 1877 daAuts
     D:1: 1767 daAuts
     D:3: 1442 daAuts
     D:2: 1149 daAuts
     D:4: 626 daAuts
   Sewer: 455 daAuts
  Temple: 56 daAuts
     D:6: 29 daAuts
